 Dungeon Sprint DCSS version 0.27.1 (webtiles) character file.

Game seed: 4432636689155475761

181 styxcanada the Covert (level 5, -3/28 HPs)
             Began as a Spriggan Brigand on Sept 5, 2021.
             Was an Initiate of Gozag.
             Slain by a spriggan (12 damage)
             ... in the Dungeon (Sprint IV: "Fedhas' Mad Dash").
             The game lasted 00:01:51 (274 turns).

styxcanada the Covert (Spriggan Brigand)             Turns: 274, Time: 00:01:52

Health: -3/28      AC:  3    Str:  7    XL:     5   Next: 34%
Magic:  5/6        EV: 19    Int: 12    God:    Gozag
Gold:   101        SH:  0    Dex: 18    Spells: 4/4 levels left

rFire    . . .     SeeInvis +   a - +2 dagger
rCold    . . .     Faith    .   (shield restricted)
rNeg     . . .     Spirit   .   b - +0 robe
rPois    .         Reflect  .   (helmet restricted)
rElec    .         Harm     .   c - +0 cloak
rCorr    .         Rampage  .   (gloves unavailable)
Will     .....     NoTele   +   (boots unavailable)
Stlth    ++++++....             j - amulet of invisibility {+Inv}
HPRegen  0.09/turn              (no ring)
MPRegen  0.10/turn              (no ring)

@: lethally poisoned (-3 -> -8), very slightly contaminated, invisible
(expiring), very quick
A: very small, no large weapons, unfitting armour, see invisible, speed 3
a: Renounce Religion, Evoke Invisibility, Potion Petition, Call Merchant, Bribe
Branch


You were in the Dungeon.
You worshipped Gozag.
Gozag was aware of your devotion.
You visited 1 branch You collected 101 gold pieces.

Inventory:

Hand Weapons
 a - a +2 dagger (weapon)
Missiles
 d - 6 poisoned darts (quivered)
 e - 2 curare-tipped darts
 m - 16 stones
Armour
 b - a +0 robe (worn)
 c - a +0 cloak (worn)
Jewellery
 j - the amulet of invisibility (around neck) {+Inv}
   (You found it in the Dungeon)

   [amulet of nothing]

   +Inv:      It lets you turn invisible.
Scrolls
 k - a scroll of blinking
 l - a scroll of identify {unknown}
Potions
 f - a potion of curing
 g - a potion of heal wounds
 h - a potion of haste
 i - 2 potions of magic


   Skills:
 * Level 3.2 Fighting
 + Level 3.7 Short Blades
 + Level 2.9 Throwing
 * Level 4.4 Dodging
 * Level 14.5 Stealth
 + Level 0.8 Evocations


You had 4 spell levels left.
You didn't know any spells.
Your spell library was empty.

Dungeon Overview and Level Annotations

Branches:
Dungeon (1/1)

Altars:
Cheibriados
Dithmenos
Elyvilon
Gozag
Hepliaklqana
Kikubaaqudgha
Makhleb
Nemelex Xobeh
Okawaru
Qazlal
Ru
Sif Muna
Trog
Uskayaw
Vehumet
Wu Jian
Xom
Yredelemnul
Zin
The Shining One
Beogh
Jiyva
Lugonu


Innate Abilities, Weirdness & Mutations

You are very small and have problems with some larger weapons.
You are too small for most types of armour.
You have supernaturally acute eyesight. (SInv)
You cover ground extremely quickly. (Speed+++)


Message History

Marking area around an oklob sapling as unsafe for travelling.
Found a robe and 14 gold pieces.
There is an open door here.
The helpless oklob sapling wizard fails to defend itself.
You perforate the oklob sapling wizard like a sieve!!!
You destroy the oklob sapling wizard!
Your Stealth skill increases to level 14!
You now have 101 gold pieces (gained 27).
You open the door. 2 spriggans come into view.
A spriggan is wielding a +2 dagger of venom.
The spriggan shouts! x2
A scorpion comes into view.
Found 10 gold pieces.
You closely miss the spriggan. The spriggan closely misses you.
There is an open door here.
Throw: 8 darts (poison)
Press: ? - help, Q - select action, (/) - cycle Shift-Dir - straight line, f - spriggan
Aim: a spriggan, wielding a +2 dagger of venom and wearing a +0 robe (36% to hit)
You throw a poisoned dart. The poisoned dart hits the spriggan.
The spriggan is poisoned.
The spriggan hits you with a +2 dagger of venom!
Ouch! That really hurt!
You are poisoned.
You flicker for a moment.
You feel sick.
There is a corrupted altar of Lugonu here.
You feel sick.
You feel sick.
There is an ancient bone altar of Kikubaaqudgha here.
Throw: 7 darts (poison)
Press: ? - help, Q - select action, (/) - cycle Shift-Dir - straight line, f - spriggan, p - spriggan
Aim: a spriggan, wielding a +0 short sword and wearing a +0 robe (36% to hit)
You throw a poisoned dart.
The poisoned dart completely misses the spriggan.
You feel sick.
The spriggan hits you with a +0 short sword!
You die...
Your body crumbles into a pile of gold.

#############################
.#.....#.⌠._._._._.⌠.#.['$.s#
.'.#...'.._._._.@i_..(.(#$ $
.#.#†..#..._._._.i...#..#
#####+##.._._._._._..#.$# $
#._._._._._.⌠.#### $
$############### $ $$ $$ $


You could see 2 spriggans.

Vanquished Creatures
  A scorpion (D)
  3 oklob saplings (D)
  A river rat (D)
  A rat (D)
6 creatures vanquished.

Notes
Turn   | Place    | Note
-------+----------+-------------------------------------------
     0 | D        | styxcanada the Spriggan Brigand began the quest for the
                  | Orb.
     0 | D        | Reached XP level 1. HP: 10/10 MP: 2/2
     9 | D        | Reached skill level 8 in Stealth
     9 | D        | Reached XP level 2. HP: 15/15 MP: 3/3
    17 | D        | Noticed an oklob sapling
    21 | D        | Killed an oklob sapling
    22 | D        | Reached skill level 10 in Stealth
    22 | D        | Reached XP level 3. HP: 18/18 MP: 4/4
    73 | D        | Noticed a scorpion
    73 | D        | Found the amulet of invisibility {+Inv}
    75 | D        | Killed a scorpion
    76 | D        | Reached skill level 12 in Stealth
    76 | D        | Reached XP level 4. HP: 23/23 MP: 5/5
   198 | D        | Found an opulent altar of Gozag.
   198 | D        | Found a hazy altar of Hepliaklqana.
   198 | D        | Found a burning altar of Makhleb.
   198 | D        | Found a sparkling altar of Nemelex Xobeh.
   198 | D        | Found a snail-covered altar of Cheibriados.
   198 | D        | Found a sacrificial altar of Ru.
   198 | D        | Found a shimmering blue altar of Sif Muna.
   198 | D        | Found a shimmering altar of Xom.
   198 | D        | Found a basalt altar of Yredelemnul.
   199 | D        | Found a viscous altar of Jiyva.
   199 | D        | Found a bloodstained altar of Trog.
   199 | D        | Found an ornate altar of the Wu Jian Council.
   200 | D        | Found an iron altar of Okawaru.
   200 | D        | Found a shadowy altar of Dithmenos.
   200 | D        | Found a glowing silver altar of Zin.
   201 | D        | Found an ancient bone altar of Kikubaaqudgha.
   201 | D        | Found a hide-covered altar of Uskayaw.
   202 | D        | Found a stormy altar of Qazlal.
   202 | D        | Found a white marble altar of Elyvilon.
   202 | D        | Found a glowing golden altar of the Shining One.
   203 | D        | Became a worshipper of Gozag Ym Sagoz the Greedy
   204 | D        | Found a corrupted altar of Lugonu.
   204 | D        | Found a radiant altar of Vehumet.
   209 | D        | Reached skill level 13 in Stealth
   209 | D        | Reached XP level 5. HP: 28/28 MP: 3/6
   262 | D        | Reached skill level 14 in Stealth
   274 | D        | Slain by a spriggan

Illustrated notes

Levels and vault maps discovered:
D:        dungeon_sprint_fedhas [sprint_temple]

Skill      XL: |  1  2  3  4  5 |
---------------+----------------+-----
Stealth        | 8 10 12 13 14 | 14.5
Fighting       | 2 3 |  3.2
Dodging        | 2 3 4 |  4.4
Short Blades   | 3 |  3.7
Throwing       | |  2.9
Evocations     | |  0.8

Action                   |  1- 3 |  4- 6 || total
-------------------------+-------+-------++-------
Melee: Dagger            |     5 |     4 ||     9
Throw: Dart              |       |     2 ||     2
 Abil: Evoke Invisibilit |       |     2 ||     2
  Use: Potion            |     1 |       ||     1
 Stab: Sleeping          |     3 |     1 ||     4
       Invisible         |       |     1 ||     1
Dodge: Dodged            |       |     1 ||     1
